 Dungeon Crawl Stone Soup version 0.22.1-6-g1668fe2c40 (webtiles) character file.

1666 Jerry the Skirmisher (level 8, -6/64 HPs)
             Began as a Demonspawn Gladiator on Jan 20, 2019.
             Was an Initiate of Gozag.
             Killed by divine providence
             ... invoked by an orc priest
              (15 damage)
             ... on level 7 of the Dungeon.
             The game lasted 00:13:47 (6809 turns).

Jerry the Skirmisher (Demonspawn Gladiator)         Turns: 6809, Time: 00:13:47

Health: -6/64      AC:  9    Str: 16    XL:     8   Next: 69%
Magic:  0/8        EV: 13    Int: 10    God:    Gozag
Gold:   583        SH:  0    Dex: 15    Spells: 7/7 levels left

rFire    + . .     SeeInvis .   x - +7 rapier "Gullunk" {pierce, rN+}
rCold    . . .     Gourm    .   (no shield)
rNeg     + . .     Faith    .   b - +0 leather armour
rPois    +         Spirit   +   c - +1 helmet
rElec    .         Reflect  .   (no cloak)
rCorr    .         Harm     .   (no gloves)
MR       .....                  (no boots)
Stlth    +.........             (no amulet)
HPRegen  0.20/turn              e - ring of poison resistance
MPRegen  0.11/turn              j - +2 ring of protection

@: no status effects
A: hooves 1, thin metallic scales 1, fire resistance 1, magic shield
a: Potion Petition, Call Merchant, Bribe Branch, Renounce Religion


You were on level 7 of the Dungeon.
You worshipped Gozag.
Gozag was pleased with you.
You were not hungry.

You visited 1 branch of the dungeon, and saw 7 of its levels.

You collected 597 gold pieces.
You paid 14 gold pieces to Gozag.

Inventory:

Hand Weapons
 a - a +1 long sword
 x - the +7 rapier "Gullunk" (weapon) {pierce, rN+}
   (You found it on level 6 of the Dungeon)

   It inflicts extra damage upon your enemies.
   It protects you from negative energy.
Missiles
 d - 2 throwing nets (quivered)
Armour
 b - a +0 leather armour (worn)
 c - a +1 helmet (worn)
Jewellery
 e - a ring of poison resistance (left hand)
 j - a +2 ring of protection (right hand)
 u - an uncursed ring of stealth
Wands
 o - a wand of flame (22)
 w - a wand of scattershot (7)
Scrolls
 g - 2 scrolls of magic mapping
 h - 2 scrolls of remove curse
 p - 2 scrolls of fear
 s - a scroll of teleportation
Potions
 k - 2 potions of heal wounds
 l - a potion of magic
 m - 2 potions of agility
 n - 2 potions of might
 q - a potion of brilliance {unknown}
 r - 3 potions of curing
 t - a potion of cancellation {unknown}
Comestibles
 f - 5 rations


   Skills:
 + Level 6.2 Fighting
 + Level 6.0 Long Blades
 + Level 4.2 Throwing
 + Level 5.0 Armour
 - Level 2.9 Dodging


You had 7 spell levels left.
You didn't know any spells.
Your spell library contained the following spells:

 Spells                   Type           Power        Failure   Level  Hunger
 Confusing Touch          Hex            #.....       41%         1    ##.....
 Confuse                  Hex            #.......     80%         3    ####...
 Gell's Gravitas          Tloc           #.........   80%         3    ####...
 Petrify                  Tmut/Erth      #.......     99%         4    #####..
 Metabolic Englaciation   Hex/Ice        #.........   100%        5    ######.
 Yara's Violent Unravell  Hex/Tmut       #.........   100%        5    ######.


Dungeon Overview and Level Annotations

Branches:
Dungeon (7/15)             Temple (0/1) D:5

Altars:
Fedhas
Gozag
The Shining One


Innate Abilities, Weirdness & Mutations

You have large cloven feet.
You are partially covered in thin metallic scales. (AC +2)
Your flesh is heat resistant. (rF+)
When hurt, damage is shared between your health and your magic reserves.


Message History

The orc priest is moderately wounded.
The quokka is no longer distracted by gold.
The orc is no longer distracted by gold.
The quokka bites you but does no damage.
The orc priest hits you but does no damage.
The orc priest calls down the wrath of Beogh upon you.
Beogh smites you!
* * * LOW HITPOINT WARNING * * *
You barely miss the orc priest. Your kick misses the orc priest.
The orc priest is moderately wounded.
The quokka closely misses you. The orc priest misses you.
The orc priest hits you with a mace of crushing.
* * * LOW HITPOINT WARNING * * *
The quokka bites you but does no damage.
You hit the orc priest.
The orc priest is heavily wounded.
The orc priest calls down the wrath of Beogh upon you.
Beogh smites you!
You die...
Your body crumbles into a pile of gold.

########## .........#
###### .........#
#....######## .........#
#....##...... .........#
#.......##### .........#
#............ ......ooo#
#............ ......r@.#
#............
.........###............
####.#....##............
#.......#.##............
#.......#.#.............
#.......#.(.............
#.......#...............
#.......#..............#
#.......##...[..........


You could see 2 orc priests, an orc and a quokka.

Vanquished Creatures
  Joseph (D:7)
  Menkaure (D:7)
  2 sky beasts (D:6)
  An ogre (D:6)
  2 centaurs
  2 bullfrogs (D:7)
  A scorpion (D:6)
  2 jellies
  2 crimson imps
  A quasit (D:5)
  2 orc priests (D:7)
  4 orc wizards
  Jessica (D:3)
  2 worker ants
  A hound zombie (D:6)
  2 hound skeletons
  6 adders
  A shadow imp (D:7)
  2 oozes
  An adder skeleton (D:6)
  2 dart slugs (D:1)
  2 leopard geckos
  9 orcs
  3 ball pythons
  A bat (D:2)
  10 hobgoblins
  4 jackals (D:4)
  A quokka (D:3)
  8 frilled lizards
  2 goblins (D:3)
  2 goblin zombies (D:5)
  2 hobgoblin zombies (D:5)
  8 kobolds
  4 kobold zombies (D:5)
  A leopard gecko zombie (D:5)
  An orc skeleton (D:5)
  2 orc zombies (D:5)
  6 rats
105 creatures vanquished.

Notes
Turn   | Place    | Note
-------+----------+-------------------------------------------
     0 | D:1      | Jerry the Demonspawn Gladiator began the quest for the Orb.
     0 | D:1      | Reached XP level 1. HP: 16/16 MP: 1/1
   103 | D:1      | Gained mutation: You are partially covered in thin metallic
                  | scales. (AC +2) [demonic ancestry]
   103 | D:1      | Reached XP level 2. HP: 4/22 MP: 2/2
  1068 | D:2      | Reached XP level 3. HP: 22/28 MP: 3/3
  1184 | D:2      | Found a blossoming altar of Fedhas.
  1784 | D:3      | Reached skill level 1 in Armour
  1966 | D:3      | Noticed Jessica
  1972 | D:3      | Killed Jessica
  1972 | D:3      | Gained mutation: You have large cloven feet. [demonic
                  | ancestry]
  1972 | D:3      | Reached XP level 4. HP: 35/35 MP: 4/4
  2403 | D:3      | Found an opulent altar of Gozag.
  2446 | D:3      | Became a worshipper of Gozag Ym Sagoz the Greedy
  2811 | D:4      | Gained mutation: Your flesh is heat resistant. (rF+)
                  | [demonic ancestry]
  2811 | D:4      | Reached XP level 5. HP: 38/41 MP: 5/5
  3547 | D:5      | Entered Level 5 of the Dungeon
  3656 | D:5      | Found a glowing golden altar of the Shining One.
  4125 | D:5      | Found a staircase to the Ecumenical Temple.
  4178 | D:5      | Reached XP level 6. HP: 36/48 MP: 6/6
  4890 | D:6      | Reached XP level 7. HP: 26/55 MP: 7/7
  5242 | D:6      | Found an opulent altar of Gozag.
  5382 | D:6      | Reached skill level 5 in Long Blades
  5703 | D:6      | Reached skill level 5 in Fighting
  6235 | D:6      | Got a translucent rapier
  6237 | D:6      | Identified the +7 rapier "Gullunk" {pierce, rN+} (You found
                  | it on level 6 of the Dungeon)
  6339 | D:7      | Gained mutation: When hurt, damage is shared between your
                  | health and your magic reserves. [demonic ancestry]
  6339 | D:7      | Reached XP level 8. HP: 59/62 MP: 2/8
  6359 | D:7      | Noticed Joseph
  6374 | D:7      | Killed Joseph
  6583 | D:7      | Noticed Menkaure
  6588 | D:7      | Killed Menkaure
  6625 | D:7      | Reached skill level 5 in Armour
  6809 | D:7      | Killed from afar by an orc priest

Skill      XL: |  1  2  3  4  5  6  7  8 |
---------------+-------------------------+-----
Long Blades    | 3 4 5 6 |  6.0
Armour         | 1 2 3 4 5 |  5.0
Fighting       | 3 4 5 6 |  6.2
Throwing       | 2 3 4 |  4.2
Dodging        | |  2.9

Action                   |  1- 3 |  4- 6 |  7- 9 || total
-------------------------+-------+-------+-------++-------
Melee: Long sword        |    97 |   143 |    36 ||   276
       Kick              |       |    47 |    17 ||    64
       Rapier            |       |       |    49 ||    49
Throw: Throwing net      |       |     3 |     4 ||     7
  Use: Scroll            |     8 |       |     8 ||    16
 Stab: Distracted        |       |     1 |       ||     1
       Held in net/web   |       |       |     2 ||     2
  Eat: Chunk             |     3 |     2 |       ||     5
       Ration            |       |     2 |     2 ||     4
Armor: Leather armour    |    35 |    87 |    26 ||   148
Dodge: Dodged            |    71 |   156 |    47 ||   274
       Rpst.: Long sword |    15 |    38 |     7 ||    60
